 Dungeon Crawl Stone Soup version 0.27.1-33-g824d729ab1 (webtiles) character file.

Game seed: 17349630925784141985

74 jlumianski the Skirmisher (level 4, 0/29 HPs)
             Began as a Gargoyle Monk on Dec 17, 2021.
             Slain by a gnoll (8 damage)
             ... on level 3 of the Dungeon.
             The game lasted 00:06:24 (2479 turns).

jlumianski the Skirmisher (Gargoyle Monk)           Turns: 2479, Time: 00:06:24

Health: 0/29       AC:  8    Str: 16    XL:     4   Next: 28%
Magic:  0/4        EV: 12    Int: 10    God:
Gold:   36         SH:  0    Dex: 12    Spells: 3/3 levels left

rFire    . . .     SeeInvis .   a - +0 hand axe
rCold    . . .     Faith    .   (no shield)
rNeg     + . .     Spirit   +   b - +0 robe
rPois    ∞         Reflect  .   (no helmet)
rElec    +         Harm     .   f - +2 cloak
rCorr    .         Rampage  .   (no gloves)
Will     .....                  (no boots)
Stlth    ++........             g - amulet of guardian spirit
HPRegen  0.09/turn              (no ring)
MPRegen  0.09/turn              (no ring)

@: no status effects
A: sickness immunity, AC +3, negative energy resistance 1, electricity
resistance, torment resistance 1, petrification resistance
a: no special abilities


You were on level 3 of the Dungeon.
You visited 1 branch of the dungeon, and saw 4 of its levels.

You collected 36 gold pieces.

Inventory:

Hand Weapons
 a - a +0 hand axe (weapon)
Missiles
 c - 90 stones (quivered)
Armour
 b - a +0 robe (worn)
 f - a +2 cloak (worn)
Jewellery
 g - an amulet of guardian spirit (around neck)
Scrolls
 d - a scroll of identify {unknown}
Potions
 e - 2 potions of lignification


   Skills:
 + Level 3.9 Fighting
 + Level 3.4 Axes
 + Level 3.1 Dodging
 + Level 2.3 Stealth


You had 3 spell levels left.
You didn't know any spells.
Your spell library contained the following spells:

 Spells                   Type           Power      Damage    Failure   Level
 Slow                     Hex            0%         N/A       50%         2
 Confusing Touch          Hex            0%         N/A       75%         3
 Yara's Violent Unravell  Hex/Tmut       0%         3d3       100%        5


Dungeon Overview and Level Annotations

Branches:
Dungeon (4/15)
 Temple: D:4-7

Altars:

Annotations:
D:2 Jessica, Sigmund


Innate Abilities, Weirdness & Mutations

You are immune to sickness and miasma.
Your stone body is resilient. (AC +3)
You are immune to poison.
You resist negative energy. (rN+)
You are resistant to electric shocks. (rElec)
You are resistant to unholy torment.
You are immune to petrification.


Message History

The ball python bites you but does no damage.
The ball python constricts you.
You hit the ball python.
The ball python is moderately wounded.
The ball python misses you. The ball python constricts you.
You hit the ball python.
You kill the ball python!
You see here a ball python corpse.
You start resting.
Magic restored.
You start resting.
HP restored.
You see here a ball python corpse.
A gnoll comes into view. It is wielding a +0 flail.
A goblin comes into view.
It is wielding a +0 club. 2 gnolls come into view.
A gnoll is wielding a +2 halberd of protection.
Found a robe and a chain mail.
The gnoll shouts! x2
The gnoll hits you from afar with a +2 halberd of protection.
The gnoll shouts!
You hear a shout!
The gnoll throws a throwing net.
The throwing net closely misses you.
A rat comes into view.
The gnoll closely misses you.
You hit the gnoll but do no damage.
The gnoll hits you with a +2 halberd of protection!
You hit the gnoll.
The gnoll is heavily wounded.
The gnoll barely misses you. x2
You closely miss the gnoll.
The gnoll is heavily wounded.
The gnoll closely misses you.
You hit the gnoll but do no damage.
The gnoll is heavily wounded.
The gnoll hits you with a +2 halberd of protection!
* * * LOW HITPOINT WARNING * * *
You hit the gnoll but do no damage.
The gnoll is heavily wounded.
The gnoll hits you with a +2 halberd of protection!
You die...

###.#.##.......####
#........
......†+.(........#
#........
.....#.##.......##.##
#........
...J..#.##.......##..#
#.####### .....
#.##.......###.# #.# .....
#.##.......###.###.#####
#######.............#
#############.##.###.#
#...ggg@..(##..#.###'###
#.....r#####.###.#.##.....
#...... #.# #.#.##.....
#...... #.###...##.....
.g....[ #..........†...
#....[. ######.>##.....
####### #...+.....
#..##..... #.........


You could see 3 gnolls and a rat.

Vanquished Creatures
  2 adders
  2 dart slugs (D:1)
  4 orcs (D:4)
  A ball python (D:3)
  2 endoplasms
  2 giant cockroaches (D:1)
  3 goblins
  7 hobgoblins
  5 jackals (D:1)
  2 quokkas
  A bat (D:2)
  4 frilled lizards
  3 kobolds
  6 rats
44 creatures vanquished.

Notes
Turn   | Place    | Note
-------+----------+-------------------------------------------
     0 | D:1      | jlumianski the Gargoyle Monk began the quest for the Orb.
     0 | D:1      | Reached XP level 1. HP: 14/14 MP: 1/1
    74 | D:1      | Reached XP level 2. HP: 13/19 MP: 2/2
    85 | D:2      | Noticed Jessica
   163 | D:1      | Found a faded altar of an unknown god.
   691 | D:1      | Reached XP level 3. HP: 6/23 MP: 3/3
  1106 | D:2      | Noticed Sigmund
  2022 | D:3      | Reached XP level 4. HP: 16/29 MP: 2/4
  2236 | D:4      | Noticed an ogre
  2479 | D:3      | Slain by a gnoll

Illustrated notes

Levels and vault maps discovered:
D:1:      lightli_molten_gateway, layout_rooms, ebering_ecumenical_altar_box,
          supply_closet_lemuel, st_stairs_6, minmay_tiny_reverse_x
D:2:      layout_basic, uniq_jessica, uniq_sigmund
D:3:      layout_basic
D:4:      layout_loops_corners

Skill      XL: |  1  2  3 |
---------------+----------+-----
Axes           | 3 |  3.4
Dodging        | 3 |  3.1
Fighting       | |  3.9
Stealth        | |  2.3

Action                   |  1- 3 |  4- 6 || total
-------------------------+-------+-------++-------
Melee: Hand axe          |   128 |    35 ||   163
  Use: Potion            |     1 |       ||     1
 Stab: Sleeping          |     1 |       ||     1
Armor: Robe              |    53 |     5 ||    58
Dodge: Dodged            |   106 |    23 ||   129
